 Dungeon Crawl Stone Soup version 0.21.1-1-g345015f (webtiles) character file.

632 maniek23 the Sneak (level 7, -2/46 HPs)
             Began as a Vampire Enchanter on Feb 25, 2018.
             Killed by divine providence
             ... invoked by an orc priest
              (15 damage)
             ... on level 4 of the Dungeon.
             The game lasted 00:18:51 (3332 turns).

maniek23 the Sneak (Vampire Enchanter)              Turns: 3332, Time: 00:18:51

Health: -2/46      AC:  4    Str:  7    XL:     7   Next: 24%
Magic:  1/21       EV: 14    Int: 18    God:
Gold:   14         SH:  0    Dex: 16    Spells: 4/13 levels left

rFire    . . .     SeeInvis +   j - +2 dagger (flame)
rCold    + . .     Gourm    .   (no shield)
rNeg     + + .     Faith    .   b - +0 robe
rPois    +         Spirit   .   (no helmet)
rElec    .         Reflect  .   (no cloak)
rCorr    .         Harm     .   n - +0 pair of gloves {archery}
MR       .....                  v - +0 pair of boots
Stlth    ++++++....             (no amulet)
HPRegen  0.07/turn              m - ring of magical power
MPRegen  0.17/turn              p - ring of stealth

@: regenerating slowly
A: fangs 3, see invisible, unbreathing
a: Bat Form


You were on level 4 of the Dungeon.
You were thirsty.

You visited 1 branch of the dungeon, and saw 4 of its levels.

You collected 234 gold pieces.
You spent 220 gold pieces at shops.

Inventory:

Hand Weapons
 a - a +1 dagger
 j - a +2 dagger of flaming (weapon)
Armour
 b - a +0 robe (worn)
 n - a +0 pair of gloves of archery (worn)
 v - a +0 pair of boots (worn)
Jewellery
 m - a ring of magical power (left hand)
 p - a ring of stealth (right hand)
 s - an uncursed ring of fire
Scrolls
 f - 9 scrolls of remove curse {unknown}
 h - 4 scrolls of identify {unknown}
 i - a scroll of magic mapping {unknown}
 q - a scroll of blinking {unknown}
 t - a scroll of fog {unknown}
Potions
 d - 17 potions of blood
 e - a potion of curing {unknown}
 g - a potion of invisibility {unknown}
 k - 2 potions of haste {unknown}
 l - 2 potions of agility {unknown}
 o - a potion of flight {unknown}
 r - a potion of heal wounds {unknown}
Books
 c - a book of Maledictions

   Spells                             Type                      Level
   a - Corona                         Hexes                        1
   b - Ensorcelled Hibernation        Hexes/Ice                    2
   c - Confuse                        Hexes                        3
   d - Tukima's Dance                 Hexes                        3
   e - Dazzling Spray                 Conjuration/Hexes            3
 u - a book of Minor Magic

   Spells                             Type                      Level
   a - Magic Dart                     Conjuration                  1
   b - Blink                          Translocation                2
   c - Call Imp                       Summoning                    2
   d - Slow                           Hexes                        2
   e - Conjure Flame                  Conjuration/Fire             3
   f - Mephitic Cloud                 Conjuration/Poison/Air       3


   Skills:
 - Level 0.1 Fighting
 * Level 3.2 Short Blades
 + Level 3.7 Dodging
 * Level 7.7 Stealth
 * Level 3.8 Spellcasting
 * Level 7.0 Hexes


You had 4 spell levels left.
You knew the following spells:

 Your Spells              Type           Power        Failure   Level  Hunger
a - Corona                Hex            ####...      1%          1    None
b - Confuse               Hex            ####....     2%          3    ###....
c - Ensorcelled Hibernat  Hex/Ice        ###...       5%          2    ##.....
d - Tukima's Dance        Hex            ####....     2%          3    ###....


Dungeon Overview and Level Annotations

Branches:
Dungeon (4/15)
 Temple: D:4-7

Altars:

Shops:
D:4 :


Innate Abilities, Weirdness & Mutations

You heal slowly.
You have razor-sharp teeth.
You have supernaturally acute eyesight. (SInv)
You can survive without breathing.


Message History

The orc priest is heavily wounded.
The orc priest misses you.
You barely miss the orc priest. Your bite misses the orc priest.
The orc priest is heavily wounded.
The orc priest looks satisfied for a moment.
You hit the orc priest but do no damage.
The orc priest is heavily wounded.
The orc priest hits you.
You closely miss the orc priest.
The orc priest is heavily wounded.
The orc barely misses you.
You closely miss the orc priest.
The orc priest is heavily wounded.
The orc priest hits you. The orc hits you.
* * * LOW HITPOINT WARNING * * *
You hit the orc priest. You burn the orc priest.
The orc priest is severely wounded.
The orc priest mumbles some strange prayers to Beogh against you.
Beogh smites you!
You die...

#..###.## #.#..............
....#.># ##### .................
#......# #... ..#..............
######.###.# #.#.............. #
#.....# #.#....oo........
####..## #.##...oo......O.
#...####.# #....)# ##.......#
####)#########
#############...@###.[o..........
........>.......oo..)######.#####
#.######...####.<..### #......
#.<......# #.##...# ######.
####..#### #.####..... # ###.
###[..# #.# #####...##... #...#.#
#.. ........ ..###.############
###..... ###
#............###############.


You could see an orc priest and an orc.

Vanquished Creatures
  A phantom (D:3)
  3 ogres (D:4)
  Natasha (thrice) (D:2)
  3 orc wizards
  7 adders
  An ooze (D:1)
  A worm (D:2)
  A dart slug (D:2)
  A leopard gecko (D:1)
  13 orcs
  3 giant cockroaches
  5 goblins
  15 hobgoblins
  8 jackals
  5 kobolds
  2 ball pythons
  5 bats
  4 frilled lizards
  8 rats
89 creatures vanquished.

Vanquished Creatures (collateral kills)
  2 orcs (D:4)
2 creatures vanquished.

Vanquished Creatures (others)
  2 dancing weapons (D:4)
2 creatures vanquished.

Grand Total: 93 creatures vanquished

Notes
Turn   | Place    | Note
-------+----------+-------------------------------------------
     0 | D:1      | maniek23 the Vampire Enchanter began the quest for the Orb.
     0 | D:1      | Reached XP level 1. HP: 13/13 MP: 3/3
   194 | D:1      | Reached XP level 2. HP: 19/19 MP: 5/5
   239 | D:1      | Reached skill level 5 in Stealth
   850 | D:2      | Reached XP level 3. HP: 15/24 MP: 6/6
   857 | D:2      | Learned a level 3 spell: Confuse
   860 | D:2      | Learned a level 2 spell: Ensorcelled Hibernation
   952 | D:2      | Reached skill level 5 in Hexes
  1059 | D:2      | Noticed Natasha
  1112 | D:2      | Killed Natasha
  1112 | D:2      | Reached XP level 4. HP: 30/30 MP: 7/7
  1246 | D:2      | Noticed Natasha
  1261 | D:2      | Killed Natasha
  1293 | D:2      | Noticed Natasha
  1302 | D:2      | Killed Natasha
  1302 | D:2      | Reached XP level 5. HP: 22/35 MP: 0/9
  1412 | D:2      | You fall through a shaft!
  2110 | D:3      | Noticed a phantom
  2307 | D:3      | You fall through a shaft!
  2520 | D:3      | Killed a phantom
  2520 | D:3      | Reached XP level 6. HP: 23/41 MP: 2/11
  2843 | D:4      | Found Yvoc's Book Shoppe.
  2871 | D:4      | Bought a book of Minor Magic for 220 gold pieces
  2875 | D:4      | Learned a level 3 spell: Tukima's Dance
  3233 | D:4      | Reached XP level 7. HP: 46/46 MP: 12/12
  3332 | D:4      | Killed from afar by an orc priest

Skill      XL: |  1  2  3  4  5  6  7 |
---------------+----------------------+-----
Stealth        | 5 6 7 |  7.7
Hexes          | 5 6 7 |  7.0
Dodging        | 3 |  3.7
Short Blades   | 2 3 |  3.2
Spellcasting   | 3 |  3.8
Fighting       | |  0.1

Action                   |  1- 3 |  4- 6 |  7- 9 || total
-------------------------+-------+-------+-------++-------
Melee: Dagger            |    90 |   109 |    23 ||   222
       Bite              |     6 |     9 |     3 ||    18
 Cast: Ensorcelled Hiber |     6 |    24 |     5 ||    35
       Confuse           |       |    14 |     2 ||    16
       Tukima's Dance    |       |     4 |     4 ||     8
  Use: Potion            |       |     2 |       ||     2
 Stab: Sleeping          |    16 |    32 |     2 ||    50
       Confused          |       |     4 |       ||     4
       Distracted        |       |     1 |       ||     1
  Eat: Corpse            |     9 |       |       ||     9
Armor: Robe              |    12 |    15 |     2 ||    29
Dodge: Dodged            |    40 |    48 |     5 ||    93
